cohdb
Replays
Latest Replays
All Replays
Popular Replays
Top Player Replays
Match Explorer
How It Works
Community
CoH3 Stats
Reddit
Sign in to upload your games and track your stats! →
Sign in with Steam
Match 41534757
Unlisted
Match 41534757
Overview
Messages
Build Orders
End
Pioneer Squad
Construct Infanterie Kompanie
Grenadier Squad
MG 42 Machine Gun Team
MG 42 Machine Gun Team
Grenadier Squad
Grenadier Squad
Construct Panzergrenadier Kompanie
MG 42 Machine Gun Team
Selects Mechanized Battlegroup
Selects Raid Package
Pak 40 Anti-tank Gun Team
251 Medium Carrier
251 Medium Carrier
MG 42 Machine Gun Team
Selects 8 Rad Armored Car
8 Rad Armored Car
Support Elements
8 Rad Armored Car
Grenadier Squad
Nebelwerfer 42 Rocket Launcher Team
MG 42 Machine Gun Team
MG 42 Machine Gun Team
Grenadier Squad
Nebelwerfer 42 Rocket Launcher Team
Selects Panther Heavy Tank
Panther Heavy Tank
8 Rad Armored Car
MG 42 Machine Gun Team
mentholitty048
Alexem
0
0
Comments
sign in to comment!
No comments posted yet!